 Dungeon Crawl Stone Soup version 0.29-a0-82-g837932c90e (webtiles) character file.

Game seed: 1866800570370455572

86 dmks the Ruffian (level 4, -1/35 HPs)
             Began as a Draconian Transmuter on Feb 4, 2022.
             Slain by a hornet zombie (9 damage)
             ... on level 3 of the Dungeon.
             The game lasted 00:06:38 (2313 turns).

dmks the Ruffian (Draconian Transmuter)             Turns: 2313, Time: 00:06:39

Health: -1/35      AC:  5    Str:  9 (12) XL:     4   Next: 26%
Magic:  7/7        EV: 11    Int: 13 (16) God:
Gold:   46         SH:  0    Dex:  8 (11) Spells: 6/7 levels left

rFire   + . .      SeeInvis .     - Unarmed
rCold   + . .      Faith    .   (no shield)
rNeg    . . .      Spirit   .   (armour unavailable)
rPois   +          Reflect  .   (helmet currently unavailable)
rElec   +          Harm     .   (no cloak)
rCorr   +          Rampage  .   (no gloves)
Will    .....                   (boots currently unavailable)
Stlth   +.........              (no amulet)
HPRegen 0.11/turn               (no ring)
MPRegen 0.10/turn               (no ring)

@: appendages (expiring), resistant, hasted, very quick
A: horns 2, talons 2, AC +5, unfitting armour, cold-blooded
a: End Transformation


You were on level 3 of the Dungeon.
You had temporarily grown beastly horns and talons.
You visited 1 branch of the dungeon, and saw 3 of its levels.

You collected 46 gold pieces.

Inventory:

Scrolls
 a - a scroll of identify {unknown}
 b - a scroll of teleportation {unknown}
 h - a scroll of summoning {unknown}
Potions
 c - a potion of berserk rage {unknown}
 f - a potion of mutation {unknown}


   Skills:
 - Level 1.1 Fighting
 - Level 1.7 Dodging
 * Level 4.5 Unarmed Combat
 - Level 2.0 Spellcasting
 + Level 3.0 Transmutations


You had 6 spell levels left.
You knew the following spells:

 Your Spells              Type           Power      Damage    Failure   Level
a - Beastly Appendage     Tmut           18%        N/A       8%          1

Your spell library contained the following spells:

 Spells                   Type           Power      Damage    Failure   Level
 Wereblood                Tmut           9%         N/A       11%         2
 Sting                    Tmut/Pois      20%        1d4       14%         1
 Poisonous Vapours        Pois/Air       2%         N/A       36%         2
 Spider Form              Tmut/Pois      5%         N/A       38%         3
 Ice Form                 Ice/Tmut       5%         N/A       80%         4
 Olgreb's Toxic Radiance  Pois           1%         N/A       94%         4


Dungeon Overview and Level Annotations

Branches:
Dungeon (3/15)

Altars:
Uskayaw

Shops:
D:2 *

Annotations:
D:2 Sigmund


Innate Abilities, Weirdness & Mutations

You have temporarily grown beastly horns and talons.
Your plain brown scales are hard. (AC +5)
You cannot fit into any form of body armour.
You are cold-blooded and may be slowed by cold attacks.


Message History

You kill the ball python!
You see here a ball python corpse.
Found 10 stones.
You see here an adder corpse.
Found 2 orange potions.
A worm comes into view.
A worm is nearby!
A worm is nearby!
You grow a pair of large bovine horns.
Your feet morph into talons.
You see here 11 gold pieces.
You hit the worm. You claw the worm. Your headbutt misses the worm.
You tail-slap the worm. You barely miss the worm.
You claw the worm, but do no damage. The worm bites you!
You hit the worm. You claw the worm. You hit the worm. You claw the worm.
You kill the worm!
Found a chain mail.
You see here a worm corpse.
A hornet zombie comes into view.
A hornet zombie is nearby!
You extend your transformation's duration.
The hornet zombie misses you.
You hit the hornet zombie. Your kick misses the hornet zombie.
Your tail-slap misses the hornet zombie.
The hornet zombie hits you.
You hit the hornet zombie but do no damage.
The hornet zombie hits you! The hornet zombie hits you.
* * * LOW HITPOINT WARNING * * *
You see here a worm corpse.
You see here 11 gold pieces.
The hornet zombie hits you but does no damage.
Your transformation is almost over.
The hornet zombie barely misses you. The hornet zombie hits you.
* * * LOW HITPOINT WARNING * * *
It was a potion of degeneration.
There was something very wrong with that liquid.
You feel weakened.
You feel dopey.
You feel clumsy.
The hornet zombie hits you but does no damage.
The hornet zombie misses you.
There is a stone staircase leading up here.
It was a potion of haste.
You feel yourself speed up. The hornet zombie hits you.
* * * LOW HITPOINT WARNING * * *
It was a potion of resistance.
You feel protected. The hornet zombie closely misses you.
You barely miss the hornet zombie. You headbutt the hornet zombie.
The hornet zombie hits you!
You die...

#.......#.#### #.##.##..#.##
###......†#.# #.......#.##
#..†.._.....# ##...)...###
(...#†......### #...#.#..#
#####..†..†.# #........#
#.......# #...##...#####
.#####.############............
.!.................#......#.....
..........(...Z@....#..#........
...................#.#.#.##.....
...######...#########...........
## ##$..#### #.##.##.####
#.†.....# #.##.##.#### #....##.#
#.#..##..... #....# #
#.#.###..### #..#......
#........### #....##.##
###.####....


You could see a hornet zombie.

Vanquished Creatures
  2 adders (D:2)
  A worm (D:3)
  2 dart slugs (D:2)
  8 endoplasms
  3 giant cockroaches (D:1)
  5 goblins
  7 hobgoblins
  5 jackals (D:2)
  2 quokkas (D:1)
  6 ball pythons
  6 bats
  2 frilled lizards (D:1)
  3 kobolds
  3 rats
55 creatures vanquished.

Vanquished Creatures (others)
  3 plants (D:2)
3 creatures vanquished.

Grand Total: 58 creatures vanquished

Notes
Turn   | Place    | Note
-------+----------+-------------------------------------------
     0 | D:1      | dmks the Draconian Transmuter began the quest for the Orb.
     0 | D:1      | Reached XP level 1. HP: 16/16 MP: 3/3
   244 | D:1      | Reached XP level 2. HP: 4/23 MP: 3/5
  1192 | D:1      | Reached XP level 3. HP: 26/28 MP: 4/6
  1340 | D:2      | Reached skill level 4 in Unarmed Combat
  1439 | D:2      | Noticed Sigmund
  1811 | D:2      | Reached XP level 4. HP: 34/35 MP: 5/7
  1874 | D:2      | Found Mong's Assorted Antiques.
  2258 | D:3      | Found a hide-covered altar of Uskayaw.
  2313 | D:3      | Slain by a hornet zombie

Illustrated notes

Levels and vault maps discovered:
D:1:      minmay_arrival_five_plusses, layout_rooms
D:2:      layout_basic, serial_shops, nicolae_shop_trees,
          shapermc_ecumenical_altar_ellora, uniq_sigmund
D:3:      layout_loops_cross, nicolae_yredelemnul_corpse_copse,
          nicolae_uskayaw_murder_on_the_dancefloor,
          chequers_serial_rivers_micro_e

Skill      XL: |  1  2  3  4 |
---------------+-------------+-----
Unarmed Combat | 4 |  4.5
Transmutations | 3 |  3.0
Fighting       | |  1.1
Dodging        | |  1.7
Spellcasting   | |  2.0

Action                   |  1- 3 |  4- 6 || total
-------------------------+-------+-------++-------
Melee: Unarmed           |   122 |    24 ||   146
       Kick              |    27 |     6 ||    33
       Tailslap          |    10 |     1 ||    11
       Headbutt          |    12 |     1 ||    13
       Punch             |       |     1 ||     1
 Cast: Beastly Appendage |    24 |     5 ||    29
  Use: Potion            |       |     3 ||     3
Armor: Skin              |    61 |     9 ||    70
Dodge: Dodged            |   123 |    13 ||   136

Table legend: (Time is in decaauts)
 A = Elapsed time spent in this place.
 B = Non-inter-level travel time spent in this place.
 C = Inter-level travel time spent in this place.
 D = Time resting spent in this place.
 E = Time spent auto-exploring this place.
 F = Levels seen in this place.
 G = Mean time per level.
                   A        B        C        D        E       F      G
               +--------+--------+--------+--------+--------+-----+--------+
         Total |   2305 |   2272 |     33 |    534 |   1191 |   3 |  768.3 |
       Dungeon |   2305 |   2272 |     33 |    534 |   1191 |   3 |  768.3 |
               +--------+--------+--------+--------+--------+-----+--------+

Top non-repeatable levels by time:
     D:1: 1335 daAuts
     D:2: 749 daAuts
     D:3: 220 daAuts
